 Dungeon Crawl Stone Soup version 0.29.0-4-gdea44cf6ec (webtiles) character file.

Game seed: 11111197520471116909

304 qw the Chopper (level 6, 0/35 HPs)
             Began as a Tengu Warper on Aug 28, 2022.
             Slain by Menkaure (15 damage)
             ... on level 4 of the Dungeon.
             The game lasted 00:00:22 (4542 turns).

qw the Chopper (Tengu Warper)                       Turns: 4542, Time: 00:00:22

Health: 0/35       AC: 10    Str: 13    XL:     6   Next: 38%
Magic:  10/10      EV:  4    Int: 13    God:
Gold:   95         SH:  0    Dex: 14    Spells: 9/9 levels left

rFire   . . .      SeeInvis .   Y - +0 hand axe
rCold   . . .      Faith    .   (no shield)
rNeg    . . .      Spirit   .   d - +0 plate armour
rPois   .          Reflect  .   (helmet restricted)
rElec   .          Harm     .   (no cloak)
rCorr   .          Rampage  .   (no gloves)
Will    .....                   (boots unavailable)
Stlth   ..........              (no amulet)
HPRegen 0.11/turn               (no ring)
MPRegen 0.12/turn               (no ring)

@: flying quickly and evasively, quick
A: beak, talons 3, nimble flight
a: no special abilities


You were on level 4 of the Dungeon.
You visited 1 branch of the dungeon, and saw 4 of its levels.

You collected 95 gold pieces.


Innate Abilities, Weirdness & Mutations

You have a beak for a mouth.
You have claws for feet.
Your magical nature lets you fly swiftly and evasively.


   Skills:
 - Level 2.0 Fighting
 + Level 6.9 Axes
 - Level 1.0 Throwing
 - Level 2.1 Armour
 - Level 2.1 Dodging
 - Level 2.0 Spellcasting
 - Level 2.4 Translocations


You had 9 spell levels left.
You didn't know any spells.
Your spell library contained the following spells:

 Spells                   Type           Power      Damage    Failure   Level
 Blink                    Tloc           14%        N/A       100%        2
 Gell's Gravitas          Tloc           7%         N/A       100%        3
 Lesser Beckoning         Tloc           7%         N/A       100%        3
 Teleport Other           Tloc           7%         N/A       100%        3
 Manifold Assault         Tloc           7%         N/A       100%        5

Inventory:

Hand Weapons
 l - a +0 flail
 Y - a +0 hand axe (weapon)
Armour
 a - a scarf of repulsion
 d - a +0 plate armour (worn)
Scrolls
 b - a scroll of enchant weapon {unknown}
 f - a scroll of teleportation
 k - a scroll of identify {unknown}
Potions
 c - a potion of invisibility {unknown}
 e - 2 potions of curing
 g - a potion of might {unknown}
 h - a potion of degeneration {unknown}
 i - a potion of brilliance {unknown}
 j - a potion of haste {unknown}

Dungeon Overview and Level Annotations

Branches:
Dungeon (4/15)
 Temple: D:4-7

Altars:
Gozag
Ru

Shops:
D:1 [

Annotations:
D:3 1 runed translucent door, Crazy Yiuf
D:4 Menkaure


Message History

The phantom is lightly damaged.
The phantom hits you.
The phantom blinks!
You blink.
You hit the phantom. Your kick misses the phantom.
The phantom is lightly damaged.
The phantom hits you.
The phantom blinks!
You blink.
You hit the phantom but do no damage. You claw the phantom.
You punch the phantom.
The phantom is moderately damaged.
The phantom hits you but does no damage.
You barely miss the phantom. Your kick misses the phantom.
The phantom is moderately damaged.
The phantom completely misses you.
You hit the phantom but do no damage. Your kick misses the phantom.
The phantom is moderately damaged.
The phantom barely misses you.
You hit the phantom. You claw the phantom.
The phantom is severely damaged.
The phantom closely misses you.
You hit the phantom. You claw the phantom!
The phantom is almost destroyed.
The phantom hits you but does no damage.
You hit the phantom.
You destroy the phantom!
You start resting.
HP restored.
Menkaure, Prince of Dust comes into view.
Menkaure shouts!
Menkaure hits you!
You hit Menkaure but do no damage. You claw Menkaure, but do no damage.
Menkaure completely misses you.
You hit Menkaure. You peck Menkaure, but do no damage.
Menkaure is lightly damaged.
You barely miss Menkaure. You claw Menkaure, but do no damage.
Your peck misses Menkaure.
Menkaure is lightly damaged.
Menkaure hits you.
You hit Menkaure. You peck Menkaure, but do no damage.
Menkaure is moderately damaged.
Menkaure hits you!
You die...

## #. #. #. #.
#.
###M#########
###
+...@.......#
###.#
###.........#
#...#
#.####.##.#
###.#
#.####....# #.#
#.#.......#
###.#
..###.###.#
#...# ## #.#
#.# #..## #.#
#.# ##..<.
#.###)####..#.#


You could see Menkaure.

Vanquished Creatures
  A phantom (D:4)
  A hound (D:4)
  An iguana (D:4)
  Natasha (twice) (D:3)
  A gnoll (D:1)
  3 adders
  An ufetubus (D:3)
  13 orcs
  3 ball pythons (D:1)
  7 bats
  6 endoplasms
  5 giant cockroaches
  5 goblins
  8 hobgoblins
  7 kobolds
  4 rats
68 creatures vanquished.

Vanquished Creatures (others)
  A fungus (D:1)
  3 plants (D:1)
4 creatures vanquished.

Grand Total: 72 creatures vanquished

Notes
Turn   | Place    | Note
-------+----------+-------------------------------------------
     0 | D:1      | qw the Tengu Warper began the quest for the Orb.
     0 | D:1      | Reached XP level 1. HP: 12/12 MP: 4/4
     0 | D:1      | 0 ||| qw: Version: 0.1-a-89-g26bdef1
     0 | D:1      | 0 ||| qw: Game counter: 183
     0 | D:1      | 0 ||| qw: Always use a shield: true
     0 | D:1      | 0 ||| qw: God list: Okawaru
     0 | D:1      | 0 ||| qw: Allow faded altars: false
     0 | D:1      | 0 ||| qw: Do Orc after D:15 true
     0 | D:1      | 0 ||| qw: Do second Lair branch before Depths: true
     0 | D:1      | 0 ||| qw: Lair rune preference: random
     0 | D:1      | 0 ||| qw: Plans: Normal
     0 | D:1      | 0 ||| PLANNING D:1-11
    63 | D:1      | Found a faded altar of an unknown god.
   103 | D:1      | Reached XP level 2. HP: 17/17 MP: 6/6
   116 | D:1      | Reached skill level 3 in Axes
   171 | D:1      | 171 ||| Stepping ~*~*~tactically~*~*~ (hiding).
   570 | D:1      | Reached XP level 3. HP: 16/21 MP: 7/7
   691 | D:1      | Found Ywnu's Antique Armour Emporium.
   698 | D:1      | 698 ||| SHOPLISTING buckler (94 gold, have 19).
   698 | D:1      | 698 ||| SHOPLISTING chain mail (94 gold, have 19).
   698 | D:1      | 698 ||| SHOPLISTING ring mail (84 gold, have 19).
   698 | D:1      | 698 ||| SHOPLISTING runed scale mail (147 gold, have 19).
   698 | D:1      | 698 ||| SHOPLISTING scale mail (84 gold, have 19).
   698 | D:1      | 698 ||| SHOPLISTING shiny scale mail (147 gold, have 19).
   936 | D:1      | Reached skill level 4 in Axes
  1260 | D:1      | 1260 ||| Stepping ~*~*~tactically~*~*~ (stealth).
  1474 | D:1      | 1474 ||| UPGRADING to +0 ring mail.
  1484 | D:1      | 1484 ||| DROPPING +0 leather armour.
  1485 | D:1      | 1485 ||| READING scroll labelled ZET EQEVEITIG.
  1488 | D:1      | 1488 ||| READING scroll labelled TIUDEL BETEAPA.
  1489 | D:1      | 1489 ||| DRINKING 2 lumpy black potions.
  1490 | D:1      | 1490 ||| DROPPING scroll of blinking.
  1742 | D:2      | 1742 ||| Stepping ~*~*~tactically~*~*~ (stealth).
  1761 | D:2      | Reached XP level 4. HP: 19/26 MP: 8/8
  1761 | D:2      | 1761 ||| FLEEEEING.
  1762 | D:2      | 1762 ||| FLEEEEING.
  1765 | D:2      | 1765 ||| STAIRDANCE
  1870 | D:1      | 1870 ||| READING 2 scrolls labelled UBOEW NUIME.
  1871 | D:1      | 1871 ||| READING scroll labelled DUPAOD XYISEM.
  1872 | D:1      | 1872 ||| READING 2 scrolls labelled OGYPILEGOE.
  1873 | D:1      | 1873 ||| DROPPING scroll of amnesia.
  1874 | D:1      | 1874 ||| DROPPING scroll of poison.
  1880 | D:2      | 1880 ||| STAIRDANCE
  2026 | D:2      | 2026 ||| READING scroll labelled SUIWKOE DIAS.
  2027 | D:2      | 2027 ||| READING scroll labelled VOALO NYQOUDOSK.
  2176 | D:3      | 2176 ||| Stepping ~*~*~tactically~*~*~ (stealth).
  2177 | D:3      | 2177 ||| DROPPING +0 club.
  2460 | D:3      | Reached skill level 5 in Axes
  2849 | D:3      | 2849 ||| Stepping ~*~*~tactically~*~*~ (stealth).
  3111 | D:3      | Noticed Natasha
  3116 | D:3      | Killed Natasha
  3117 | D:3      | Gained mutation: Your magical nature lets you fly swiftly
                  | and evasively. [Tengu growth]
  3117 | D:3      | Reached XP level 5. HP: 17/30 MP: 9/9
  3277 | D:3      | Identified the +2 ring mail of the Well-Known Demons {rF+
                  | Int+3}
  3513 | D:3      | 3513 ||| DROPPING +0 hammer.
  3565 | D:3      | Found an opulent altar of Gozag.
  3622 | D:3      | Noticed Natasha
  3632 | D:3      | Killed Natasha
  3633 | D:3      | Reached skill level 6 in Axes
  3727 | D:3      | Found a runed translucent door.
  3728 | D:3      | Noticed Crazy Yiuf
  3731 | D:3      | 3731 ||| UPGRADING to +0 plate armour.
  3741 | D:3      | 3741 ||| DROPPING +0 ring mail.
  3742 | D:3      | 3742 ||| READING scroll labelled MUADIDOLLE.
  3743 | D:3      | 3743 ||| READING scroll labelled RONNITTOBIM.
  3744 | D:3      | 3744 ||| READING scroll labelled XAIZXU UNYIN.
  3900 | D:4      | Found a sacrificial altar of Ru.
  4156 | D:4      | 4156 ||| Stepping ~*~*~tactically~*~*~ (stealth).
  4179 | D:4      | Reached XP level 6. HP: 22/35 MP: 10/10
  4537 | D:4      | Noticed Menkaure
  4542 | D:4      | Slain by Menkaure

Levels and vault maps discovered:
D:1:      amcnicky_arrival_single_pillar, layout_loops_corners, serial_shops,
          nicolae_diamond_shop, shapermc_ecumenical_altar_mp_ritualfount,
          hangedman_abyss_or_decor_stabs, minmay_distorted
D:2:      layout_rooms
D:3:      layout_loops_ring, marbit_many_paths, patterned_corridor,
          uniq_crazy_yiuf_cottage, uniq_natasha
D:4:      layout_basic, general_overflow_altar, kennysheep_cross_bottleneck,
          uniq_menkaure, uniq_duvessa

Skill      XL: |  1  2  3  4  5 |
---------------+----------------+-----
Axes           | 3 4 5 6 |  6.9
Armour         | 2 |  2.1
Fighting       | |  2.0
Throwing       | |  1.0
Dodging        | |  2.1
Spellcasting   | |  2.0
Translocations | |  2.4

Action                   |  1- 3 |  4- 6 || total
-------------------------+-------+-------++-------
Melee: Hand axe          |    54 |   123 ||   177
       Kick              |    14 |    40 ||    54
       Peck              |     7 |    25 ||    32
       Punch             |       |     1 ||     1
Throw: Boomerang         |     7 |       ||     7
  Use: Scroll            |     2 |     8 ||    10
       Potion            |     1 |       ||     1
Armor: Leather armour    |    10 |       ||    10
       Ring mail         |     5 |    15 ||    20
       Plate armour      |       |    14 ||    14
Dodge: Dodged            |    25 |    45 ||    70

Table legend:
 A = Non-vault XP
 B = Vault XP
 C = Vault XP percentage of total XP
 D = Non-vault monster count
 E = Vault monster count
 F = Vault count percentage of total count
                 A         B        C        D         E       F
            +---------+---------+-------+---------+---------+-------
      Total |     392 |      43 |   9.9 |      63 |       5 |   7.4
            +---------+---------+-------+---------+---------+-------
        D:1 |      48 |       5 |   9.4 |      21 |       3 |  12.5
        D:2 |      34 |       0 |   0.0 |       7 |       0 |   0.0
        D:3 |     107 |      38 |  26.2 |      26 |       2 |   7.1
        D:4 |     203 |       0 |   0.0 |       9 |       0 |   0.0
            +---------+---------+-------+---------+---------+-------
